AoeStats
← ✪Lucho Jaraツ

Socotra

506573900Analyzed
2v2 RM · 18d ago on Sep 14, 2026· 26m 22s· 4 players
Game mode
Random Map
Map size
Tiny (2 player)
Population
200
Speed
Normal
Resources
Standard
Victory
Conquest
Starting age
Dark Age
Ending age
Imperial Age
RankedLock teamsTeams togetherTeam positionsShared explorationLock speedFull tech treeHidden civsTurbo modeCheats
Victory
Defeat
🇺🇸 Armenians · United States
1144
+16
🇺🇸 Cumans · United States
1144
+16
🇨🇱 Koreans · Chile
1171
-18
🇨🇱 Goths · Chile
1099
-14
h33posk
2:22 Loom
5:57 Loom
10:22 Feudal Age
10:27 Man-at-Arms
17:28 Double-Bit Axe
21:41 Scale Mail Armor
23:29 Forging
25:19 Horse Collar
✪Lucho Jaraツ
7:34 Loom
10:29 Feudal Age
12:36 Double-Bit Axe
19:28 Castle Age
Sir Luke
0:30 Loom
12:10 Feudal Age
14:21 Double-Bit Axe
14:27 Horse Collar
Dleit Khaa
9:28 Loom
11:45 Feudal Age
11:52 Man-at-Arms
12:39 Long Swordsman
22:25 Scale Mail Armor
25:30 Forging
Connection lost

Rejoining the realm…

Still unreachable

The connection could not be restored.

Session expired

The server has moved on; the page needs a fresh start.